 Dungeon Crawl Stone Soup version 0.24.0-123-gd5b16e6ec5 (webtiles) character file.

Game seed: 3934903117157137676, levelgen mode: deterministic

565 Mevorra the Conjurer (level 7, -3/50 HPs)
             Began as a Red Draconian Conjurer on Jan 26, 2020.
             Was an Initiate of Qazlal.
             Shot with an arrow by a centaur (15 damage)
             ... on level 6 of the Dungeon.
             The game lasted 00:34:38 (3636 turns).

Mevorra the Conjurer (Red Draconian Conjurer)       Turns: 3636, Time: 00:34:39

Health: -3/50      AC:  8    Str: 10    XL:     7   Next: 10%
Magic:  7/13       EV: 13    Int: 17    God:    Qazlal [......]
Gold:   230        SH:  0    Dex: 12    Spells: 3/14 levels left

rFire    + . .     SeeInvis .   k - +1 short sword (venom)
rCold    . . .     Gourm    .   (no shield)
rNeg     . . .     Faith    .   (armour unavailable)
rPois    .         Spirit   .   (helmet restricted)
rElec    .         Reflect  .   (no cloak)
rCorr    .         Harm     .   l - +0 pair of gloves
MR       .....                  a - +0 pair of boots
Stlth    ++........             g - amulet of magic regeneration
HPRegen  0.16/turn              (no ring)
MPRegen  0.38/turn              (no ring)

@: no status effects
A: breathe fire, unfitting armour, fire resistance 1, cold-blooded, AC +6
a: Breathe Fire, Renounce Religion


You were on level 6 of the Dungeon.
You worshipped Qazlal.
Qazlal was noncommittal.
You were very hungry.

You visited 2 branches of the dungeon, and saw 7 of its levels.

You collected 230 gold pieces.

Inventory:

Hand Weapons
 k - a +1 short sword of venom (weapon)
Armour
 a - a +0 pair of boots (worn)
 l - a +0 pair of gloves (worn)
Jewellery
 g - an amulet of magic regeneration (around neck)
Scrolls
 c - 3 scrolls of identify
 e - a scroll of enchant weapon {unknown}
 f - a scroll of immolation {unknown}
 h - a scroll of remove curse
 i - a scroll of teleportation
 j - a scroll of fog
Potions
 d - 2 potions of haste {unknown}
 m - a potion of curing {unknown}
 n - a potion of flight {unknown}
Comestibles
 b - 9 rations


   Skills:
 - Level 0.2 Short Blades
 + Level 3.3 Dodging
 - Level 1.7 Stealth
 + Level 4.1 Spellcasting
 + Level 6.5 Conjurations
 * Level 1.4 Translocations


You had 3 spell levels left.
You knew the following spells:

 Your Spells              Type           Power        Failure   Level  Hunger
a - Magic Dart            Conj           ####         1%          1    None
b - Searing Ray           Conj           ####..       1%          2    ##.....
c - Iskenderun's Mystic   Conj           ####....     11%         4    ####...
d - Force Lance           Conj/Tloc      ###.....     30%         4    ####...

Your spell library contained the following spells:

 Spells                   Type           Power        Failure   Level  Hunger
 Dazzling Spray           Conj/Hex       ##....       12%         3    ###....
 Corona                   Hex            #......      16%         1    None
 Ensorcelled Hibernation  Hex/Ice        #.....       24%         2    ##.....
 Confuse                  Hex            #.......     43%         3    ###....
 Tukima's Dance           Hex            #.......     43%         3    ###....
 Fulminant Prism          Conj/Hex       ##........   38%         4    ####...


Dungeon Overview and Level Annotations

Branches:
Dungeon (6/15)             Temple (1/1) D:6

Altars:
Ashenzari
Dithmenos
Fedhas
Hepliaklqana
Kikubaaqudgha
Makhleb
Nemelex Xobeh
Okawaru
Qazlal
Ru
Trog
Vehumet
Xom

Annotations:
D:5 exclusions: oklob plant and statue


Innate Abilities, Weirdness & Mutations

You can breathe blasts of fire.
Your fiery red scales are hard. (AC +6)
You cannot fit into any form of body armour.
Your flesh is heat resistant. (rF+)
You are cold-blooded and may be slowed by cold attacks.


Message History

The centaur is lightly wounded.
The centaur shoots an arrow.
The arrow hits you.
The centaur shoots an arrow.
The arrow barely misses you.
The centaur shoots an arrow.
The arrow barely misses you.
The centaur shoots an arrow.
The arrow closely misses you.
Casting: Iskenderun's Mystic Blast (safe; 11% risk of failure)
Confirm with . or Enter, or press ? or * to list all spells.
Aiming: Searing Ray (safe; 1% risk of failure)
Press: ? - help, Shift-Dir - straight line, f/p - centaur
Aim: a centaur, wielding a +0 shortbow (lightly wounded)
The searing ray hits the centaur but does no damage.
The centaur is lightly wounded. (Press . to maintain the ray.)
The centaur shoots an arrow.
The arrow hits you!
The searing ray hits the centaur but does no damage.
The centaur is lightly wounded.
The centaur shoots an arrow.
The arrow hits you!
* * * LOW HITPOINT WARNING * * *
The centaur shoots an arrow.
The arrow hits you!
You die...

#)...###### ## #
###........ ## ..
#...######.## ..#
###...# #..#.#.#
......######<#.##.#
...............##.#
####..#####.##.##c#
#..... #.##.##.#
#..##.##.....@.#
#..#...#..###(.#
#.........# #.(#
#.##...#..###(##
#.............#
####...............
#..#.#.......###
#..#.#.#####.#
#..#.#.# .#


You could see a centaur.

Vanquished Creatures
  A bullfrog (D:6)
  A scorpion (D:5)
  A crimson imp (D:5)
  A bullfrog zombie (D:6)
  2 hounds
  A jelly (D:5)
  An iguana (D:4)
  An orc wizard (D:3)
  4 worker ants
  2 hound skeletons (D:4)
  Robin (D:2)
  2 adders
  A worm (D:3)
  3 leopard geckos
  8 orcs
  3 giant cockroaches
  12 goblins
  5 hobgoblins
  8 jackals
  4 kobolds
  2 quokkas
  A ball python (D:4)
  3 bats (D:1)
  7 frilled lizards
  A jackal skeleton (D:4)
  2 leopard gecko skeletons (D:4)
  2 quokka skeletons
  4 rats
84 creatures vanquished.

Notes
Turn   | Place    | Note
-------+----------+-------------------------------------------
     0 | D:1      | Mevorra the Draconian Conjurer began the quest for the Orb.
     0 | D:1      | Reached XP level 1. HP: 14/14 MP: 3/3
   430 | D:1      | Reached XP level 2. HP: 20/20 MP: 1/5
   746 | D:1      | Learned a level 2 spell: Searing Ray
  1020 | D:2      | Found a sacrificial altar of Ru.
  1133 | D:2      | Noticed Robin
  1154 | D:2      | Reached XP level 3. HP: 12/26 MP: 1/6
  1400 | D:2      | Killed Robin
  1400 | D:2      | Reached skill level 5 in Conjurations
  1503 | D:2      | You fall into a shaft and drop 1 floor!
  1612 | D:3      | You fall into a shaft and drop 2 floors!
  1612 | D:5      | Entered Level 5 of the Dungeon
  1674 | D:4      | Reached XP level 4. HP: 30/33 MP: 3/7
  1746 | D:3      | Learned a level 4 spell: Iskenderun's Mystic Blast
  2094 | D:3      | Reached XP level 5. HP: 26/38 MP: 6/9
  2197 | D:3      | You fall into a shaft and drop 1 floor!
  2323 | D:4      | Reached skill level 6 in Conjurations
  2397 | D:4      | Reached XP level 6. HP: 32/45 MP: 7/11
  2995 | D:5      | Learned a level 4 spell: Force Lance
  3078 | D:5      | Found a hazy altar of Hepliaklqana.
  3106 | D:5      | Found a radiant altar of Vehumet.
  3378 | D:5      | Found a blossoming altar of Fedhas.
  3388 | D:5      | Reached skill level 1 in Translocations
  3408 | D:5      | Noticed an oklob plant
  3483 | D:6      | Found a staircase to the Ecumenical Temple.
  3487 | D:6      | Your scales start taking on a fiery red colour.
  3487 | D:6      | Reached XP level 7. HP: 49/50 MP: 9/13
  3487 | D:6      | Gained mutation: Your flesh is heat resistant. (rF+) [Red
                  | Draconian growth]
  3512 | Temple   | Entered the Ecumenical Temple
  3556 | Temple   | Became a worshipper of Qazlal Stormbringer
  3636 | D:6      | Shot with an arrow by a centaur

Levels and vault maps discovered:
D:1:      dpeg_arrival_round_b, layout_basic
D:2:      layout_rooms, nicolae_ru_awakened_eye, serial_co_window_serial,
          co_window_paths_b, co_window_paths_a, co_window_paths_a,
          co_window_paths_a, co_window_paths_a, co_window_corner_b,
          co_window_paths_c, co_window_broadway_b, co_window_of_opportunity_c,
          co_window_broadway_a, co_window_of_opportunity_b,
          co_window_broadway_a, uniq_robin
D:3:      layout_loops_ring, marbit_many_paths, first_ration
D:4:      layout_gridville
D:5:      layout_loops_ring, vehumet_statue, nicolae_overflow_crystal_walls,
          tgw_fedhas
D:6:      layout_loops_ring, tso_altar, overflow_temple_1_default, temple_pool_b
Temple:   jpeg_temple_island

Skill      XL: |  1  2  3  4  5  6 |
---------------+-------------------+-----
Conjurations   | 5 6 |  6.5
Dodging        | 2 3 |  3.3
Spellcasting   | 3 4 |  4.1
Translocations | 1 |  1.4
Short Blades   | |  0.2
Stealth        | |  1.7

Action                   |  1- 3 |  4- 6 |  7- 9 || total
-------------------------+-------+-------+-------++-------
Melee: Unarmed           |     8 |       |       ||     8
       Mace              |     6 |       |       ||     6
       Spear             |     8 |       |       ||     8
       Quarterstaff      |       |    12 |       ||    12
       Short sword       |       |    26 |     1 ||    27
 Cast: Magic Dart        |    25 |    29 |       ||    54
       Searing Ray       |    10 |    37 |     2 ||    49
       Iskenderun's Myst |       |     6 |     2 ||     8
  Use: Potion            |     1 |     2 |       ||     3
       Scroll            |     2 |     3 |     1 ||     6
  Eat: Ration            |     1 |       |       ||     1
       Chunk             |       |     9 |       ||     9
Armor: Skin              |    22 |    28 |     2 ||    52
Dodge: Dodged            |    32 |    85 |     7 ||   124
